 Dungeon Crawl Stone Soup version 0.19-a0-1568-gdd01aac (webtiles) character file.

6763 Amnesiac the Geomancer (level 10, -2/63 HPs)
             Began as a Mummy Earth Elementalist on Sept 15, 2016.
             Was a Priest of Sif Muna.
             Slain by Snorg (19 damage)
             ... on level 10 of the Dungeon.
             The game lasted 00:20:19 (9500 turns).

Amnesiac the Geomancer (Mummy Earth Elementalist)   Turns: 9500, Time: 00:20:19

Health: -2/63      AC: 11    Str: 12    XL:     10   Next: 75%
Magic:  13/35      EV: 19    Int: 18    God:    Sif Muna [***...]
Gold:   488        SH:  7    Dex: 17    Spells: 7 memorised, 3 levels left

rFire  x . .     SeeInvis .     x - staff of power
rCold  + . .     Gourm    .     c - +0 robe
rNeg   + + +     Faith    .     p - +2 buckler {AC+3}
rPois  ∞         Spirit   .     C - +2 hat {MR+}
rElec  .         Dismiss  +     y - +0 cloak (curse)
rCorr  .         Reflect  .     (no gloves)
MR     ++...     Harm     .     o - +2 pair of boots
Stlth  ++........               n - amulet of dismissal
                                r - +3 ring of evasion
                                q - +5 ring of dexterity

@: about to teleport, repel missiles, divine energy
A: no food or potions, fire vulnerability, cold resistance 1, negative energy
resistance 3, torment resistance, unbreathing
a: Stop Divine Energy, Channel Magic, Renounce Religion


You were on level 10 of the Dungeon.
You worshipped Sif Muna.
Sif Muna was most pleased with you.
You were not hungry.

You visited 2 branches of the dungeon, and saw 11 of its levels.

You collected 534 gold pieces.
You spent 46 gold pieces at shops.

Inventory:

Hand Weapons
 e - a +1 dagger of venom
 h - a +0 morningstar
Missiles
 b - 78 stones (quivered)
Armour
 c - a +0 robe (worn)
 j - a +0 fire dragon armour
 o - a +2 pair of boots (worn)
 p - a +2 buckler of protection (worn)
 w - a +2 hat of see invisible
 y - a cursed +0 cloak (worn)
 C - a +2 hat of magic resistance (worn)
Magical Staves
 s - an uncursed staff of conjuration
 x - an uncursed staff of power (weapon)
Jewellery
 n - an amulet of dismissal (around neck)
 q - a +5 ring of dexterity (left hand)
 r - a +3 ring of evasion (right hand)
 B - an uncursed ring of flight
Wands
 k - a wand of flame (30/48)
 l - a wand of confusion (13/48)
 G - a wand of paralysis (3/24)
Scrolls
 a - 2 scrolls of noise
 f - a scroll of amnesia
 g - a scroll of recharging
 i - 4 scrolls of remove curse
 m - a scroll of identify
 t - 2 scrolls of enchant weapon
 z - a scroll of immolation {unknown}
 A - a scroll of fog
 F - 2 scrolls of magic mapping
Books
 d - a book of Geomancy

   Spells                             Type                      Level
   a - Sandblast                      Earth                        1
   b - Passwall                       Transmutation/Earth          2
   c - Stone Arrow                    Conjuration/Earth            3
   d - Petrify                        Transmutation/Earth          4
   e - Lee's Rapid Deconstruction     Earth                        5
 u - a book of Callings

   Spells                             Type                      Level
   a - Summon Small Mammal            Summoning                    1
   b - Call Imp                       Summoning                    2
   c - Call Canine Familiar           Summoning                    3
   d - Summon Guardian Golem          Hexes/Summoning              3
   e - Summon Lightning Spire         Summoning/Air                4
   f - Summon Ice Beast               Ice/Summoning                4
 D - a book of Minor Magic

   Spells                             Type                      Level
   a - Magic Dart                     Conjuration                  1
   b - Blink                          Translocation                2
   c - Call Imp                       Summoning                    2
   d - Repel Missiles                 Charms/Air                   2
   e - Slow                           Hexes                        2
   f - Conjure Flame                  Conjuration/Fire             3
   g - Mephitic Cloud                 Conjuration/Poison/Air       3
Miscellaneous
 v - a phial of floods (inert)


   Skills:
 - Level 5.5 Dodging
 - Level 1.5 Stealth
 - Level 4.0 Shields
 + Level 6.8 Spellcasting
 - Level 0.7 Transmutations
 * Level 10.8 Earth Magic


You had 3 spell levels left.
You knew the following spells:

 Your Spells              Type           Power        Failure   Level  Hunger
a - Repel Missiles        Chrm/Air       #.....       17%         2    N/A
b - Petrify               Tmut/Erth      ####....     14%         4    N/A
c - Blink                 Tloc           N/A          17%         2    N/A
e - Stone Arrow           Conj/Erth      ####..       3%          3    N/A
f - Lee's Rapid Deconstr  Erth           #####.....   3%          5    N/A
v - Passwall              Tmut/Erth      ####......   1%          2    N/A
z - Sandblast             Erth           #####.       1%          1    N/A

Dungeon Overview and Level Annotations

Branches:
Dungeon (10/15)            Temple (1/1) D:7
   Lair: D:8-11         Orc: D:9-12

Altars:
Ashenzari
Cheibriados
Dithmenos
Elyvilon
Fedhas
Gozag
Hepliaklqana
Kikubaaqudgha
Makhleb
Nemelex Xobeh
Okawaru
Qazlal
Ru
Sif Muna
Trog
Uskayaw
Vehumet
Xom
Yredelemnul
Zin
The Shining One

Shops:
D:8 *

Annotations:
D:7 exclusions: steam dragon and ugly thing
D:10 3 runed doors, Psyche, Snorg


Innate Abilities, Weirdness & Mutations

You do not eat or drink.
Your flesh is vulnerable to fire.
You are immune to poison.
Your flesh is cold resistant. (rC+)
You are immune to negative energy. (rN+++)
You are immune to unholy pain and torment.
You can survive without breathing.


Message History

Sif Muna accepts your kill.
You block the rat's attack. x2; The rat bites you but does no damage. 2 bats come into view.
Casting: Stone Arrow
Confirm with . or Enter, or press ? or * to list all spells.
Aiming: Stone Arrow
Press: ? - help, Shift-Dir - straight line, f - bat
Aim: a bat The stone arrow hits the bat.
You kill the bat!
Sif Muna accepts your kill. Snorg bites you!! Snorg misses you.
Snorg claws you!
* * * LOW HITPOINT WARNING * * *
The rat bites you but does no damage. The rat closely misses you.
You block the rat's attack. Snorg bites you but does no damage.
Snorg closely misses you. Snorg claws you but does no damage.
As you read the scroll of teleportation, it crumbles to dust.
You feel strangely unstable. You block the rat's attack.
The rat closely misses you. The rat misses you. Snorg bites you!!
You die...

#......P.P
........#
#...P...#
....P..#
..P...##+#
..P......
#bT.P....
#@rb..P..
#rrr....P.
...........
#...........#
####........#
#.......##
#########


You could see Snorg (berserk), 2 bats and 4 rats.

Vanquished Creatures
  The ghost of Xiguana the Grappler, a journeyman VSMo of Cheibriados (D:9)
  An orange crystal statue (D:9)
  2 deep elf magi (D:9)
  An ice statue (D:9)
  A two-headed ogre (D:8)
  Prince Ribbit (D:6)
  6 yaks (D:10)
  Grum (D:10)
  2 hippogriffs
  A swamp drake (D:9)
  3 orc warriors (D:8)
  2 sky beasts
  2 wolves (D:10)
  A phantom (D:8)
  An ogre (D:7)
  A necrophage (D:10)
  A crocodile (D:10)
  A centaur (D:5)
  2 big kobolds
  6 bullfrogs
  2 vampire bats (D:7)
  3 crimson imps
  3 jellies
  2 hounds
  2 orc priests
  An iron imp (D:9)
  A bullfrog skeleton (D:9)
  A centaur skeleton (D:6)
  9 orc wizards
  6 worker ants
  Ijyb (D:2)
  A hound skeleton (D:8)
  A mummy (D:10)
  Robin (D:4)
  A howler monkey skeleton (D:7)
  12 adders
  7 shadow imps
  A white imp (D:9)
  An ooze (D:6)
  A worm (D:2)
  3 leopard geckos
  44 orcs
  11 bats
  2 giant cockroaches
  11 goblins
  9 hobgoblins
  2 iguanas
  8 jackals
  7 kobolds
  7 quokkas
  2 frilled lizards
  A quokka zombie (D:5)
  7 rats
208 creatures vanquished.

Vanquished Creatures (others)
  8 fungi (D:10)
8 creatures vanquished.

Grand Total: 216 creatures vanquished

Notes
Turn   | Place    | Note
-------+----------+-------------------------------------------
     0 | D:1      | Amnesiac the Mummy Earth Elementalist began the quest for the Orb.
     0 | D:1      | Reached XP level 1. HP: 13/13 MP: 3/3
   992 | D:1      | Reached XP level 2. HP: 19/19 MP: 1/5
  1005 | D:1      | Learned a level 2 spell: Passwall
  1043 | D:2      | Reached skill level 3 in Earth Magic
  1227 | D:2      | Reached XP level 3. HP: 17/24 MP: 0/6
  1670 | D:3      | You fall through a shaft for 3 floors!
  1670 | D:6      | Noticed a bullfrog
  1673 | D:6      | Killed a bullfrog
  1673 | D:6      | Reached skill level 4 in Earth Magic
  1673 | D:6      | Reached XP level 4. HP: 21/30 MP: 3/7
  1802 | D:6      | Reached XP level 5. HP: 31/35 MP: 2/8
  1876 | D:6      | Found a shimmering altar of Xom.
  1931 | D:6      | Reached skill level 5 in Earth Magic
  1962 | D:6      | Learned a level 5 spell: Lee's Rapid Deconstruction
  2068 | D:6      | Noticed Prince Ribbit
  2073 | D:6      | Killed Prince Ribbit
  2073 | D:6      | Reached XP level 6. HP: 41/41 MP: 4/10
  2122 | D:5      | Entered Level 5 of the Dungeon
  2319 | D:4      | Reached skill level 6 in Earth Magic
  2454 | D:4      | Reached XP level 7. HP: 21/46 MP: 2/12
  2643 | D:4      | Noticed Robin
  2655 | D:4      | Killed Robin
  3200 | D:5      | Learned a level 4 spell: Petrify
  3706 | D:7      | Found a shimmering altar of Xom.
  3760 | D:7      | Reached skill level 7 in Earth Magic
  3920 | D:7      | Noticed a hippogriff
  3934 | D:7      | Killed a hippogriff
  3934 | D:7      | Reached XP level 8. HP: 39/52 MP: 0/14
  4226 | D:7      | Noticed a cyan ugly thing
  4419 | D:7      | Reached skill level 8 in Earth Magic
  4513 | D:7      | Found a staircase to the Ecumenical Temple.
  4536 | Temple   | Entered the Ecumenical Temple
  4635 | Temple   | Became a worshipper of Sif Muna the Loreminder
  5133 | D:2      | Reached skill level 1 in Shields
  5144 | D:2      | Noticed Ijyb
  5151 | D:2      | Killed Ijyb
  6415 | D:8      | Found Xuliyc's Assorted Antiques.
  6429 | D:8      | Bought a scroll labeled KINAMIO HUSS for 23 gold pieces
  6429 | D:8      | Bought a scroll labeled MUP CENAERHEWI for 23 gold pieces
  6710 | D:8      | Reached * piety under Sif Muna
  7020 | D:9      | Noticed Xiguana's ghost (journeyman VSMo)
  7045 | D:9      | Learned a level 3 spell: Stone Arrow
  7140 | D:9      | Reached XP level 9. HP: 57/57 MP: 9/15
  7332 | D:9      | Noticed a deep elf mage
  7334 | D:9      | Noticed a deep elf mage
  7335 | D:9      | Killed a deep elf mage
  7335 | D:9      | Reached ** piety under Sif Muna
  7335 | D:9      | Reached skill level 5 in Spellcasting
  7335 | D:9      | Reached skill level 9 in Earth Magic
  7340 | D:9      | Killed a deep elf mage
  7435 | D:9      | Learned a level 2 spell: Repel Missiles
  7439 | D:9      | Learned a level 2 spell: Blink
  7463 | D:10     | Entered Level 10 of the Dungeon
  7463 | D:10     | Noticed Grum
  7479 | D:10     | Found a runed door.
  7492 | D:10     | Killed Grum
  7492 | D:10     | Reached skill level 10 in Earth Magic
  7605 | D:10     | Found a runed door.
  7617 | D:10     | Found a runed door.
  7650 | D:10     | Reached XP level 10. HP: 44/63 MP: 6/19
  7715 | D:10     | Noticed Psyche
  7800 | D:10     | Reached *** piety under Sif Muna
  7840 | D:9      | Noticed an orange crystal statue
  7843 | D:9      | Killed an orange crystal statue
  7976 | D:9      | Noticed an ice statue
  7979 | D:9      | Killed an ice statue
  7979 | D:9      | Reached skill level 5 in Dodging
  9216 | D:9      | Killed Xiguana's ghost
  9491 | D:10     | Noticed Snorg
  9500 | D:10     | Slain by Snorg

Vault maps used:
D:1:      elethiomel_arrival_quiet, st_stairs_4, minmay_tree_intersection
D:2:      uniq_iyjb
D:3:      first_bread
D:4:      uniq_robin
D:6:      kennysheep_path_1, dk_xom_monty_hall, uniq_prince_ribbit1
D:7:      basic_altar, roderic_batcave
D:8:      serial_shops, nicolae_shop_window_shopping, special_room
D:9:      minmay_separated_statues, blue_anna_alchemist, hangedman_minor_magic
D:10:     grunt_lair_entry_orc_guard_hut, serial_undead, serial_undead_a,
          serial_undead_b, serial_undead_c, serial_undead_e,
          minmay_statue_crystal_thing, uniq_psyche, uniq_snorg, uniq_grum
Temple:   kilobyte_greek_temple

Skill      XL: |  1  2  3  4  5  6  7  8  9 10 |
---------------+-------------------------------+-----
Earth Magic    | 3 4 5 6 7 8 10 | 10.8
Spellcasting   | 3 4 6 |  6.8
Shields        | 4 |  4.0
Dodging        | 2 5 |  5.5
Stealth        | |  1.5
Transmutations | |  0.7

Action                   |  1- 3 |  4- 6 |  7- 9 | 10-12 || total
-------------------------+-------+-------+-------+-------++-------
Melee: Unarmed           |    21 |       |       |       ||    21
       Dagger            |     3 |       |       |       ||     3
 Cast: Sandblast         |    42 |    49 |   241 |    88 ||   420
       Lee's Rapid Decon |       |       |     9 |    13 ||    22
       Stone Arrow       |       |       |     3 |    28 ||    31
       Repel Missiles    |       |       |     1 |       ||     1
Invok: Divine Energy     |       |       |     1 |       ||     1
Evoke: Phial of floods   |       |       |       |     1 ||     1
  Use: Scroll            |     2 |       |    12 |     1 ||    15
Armor: Robe              |    15 |     8 |    21 |    12 ||    56
Dodge: Dodged            |    29 |    15 |    69 |    33 ||   146
Block: Buckler           |       |       |    30 |    25 ||    55
